 Dungeon Crawl Stone Soup version 0.25-a0-834-g55863b0b92 (webtiles) character file.

Game seed: 13618208151830850707, levelgen mode: deterministic

954 Error4North the Chopper (level 8, -1/69 HPs)
             Began as a Hill Orc Fighter on Apr 23, 2020.
             Killed by divine providence
             ... invoked by an orc priest
              (9 damage)
             ... on level 5 of the Dungeon.
             The game lasted 00:14:24 (3795 turns).

Error4North the Chopper (Hill Orc Fighter)          Turns: 3795, Time: 00:14:24

Health: -1/69      AC: 12    Str: 21    XL:     8   Next: 14%
Magic:  8/8        EV:  6    Int:  8    God:
Gold:   314        SH: 10    Dex: 10    Spells: 7/7 levels left

rFire    + . .     SeeInvis .   q - +0 hand axe (vorpal)
rCold    + . .     Gourm    .   c - +0 kite shield
rNeg     . . .     Faith    .   v - +0 chain mail
rPois    .         Spirit   .   (no helmet)
rElec    .         Reflect  .   r - scarf {rC+ rF+}
rCorr    .         Harm     .   (no gloves)
MR       .....                  o - +1 pair of boots
Stlth    ..........             (no amulet)
HPRegen  0.21/turn              (no ring)
MPRegen  0.11/turn              (no ring)

@: mighty
A: no striking features
a: Convert to Beogh


You were on level 5 of the Dungeon.
You were hungry.

You visited 1 branch of the dungeon, and saw 5 of its levels.

You collected 314 gold pieces.

Inventory:

Hand Weapons
 q - a +0 vorpal hand axe (weapon)
Armour
 c - a +0 kite shield (worn)
 o - a +1 pair of boots (worn)
 r - a scarf of resistance (worn)
 v - a +0 chain mail (worn)
Wands
 t - a wand of digging (4)
 u - a wand of clouds (1)
Scrolls
 b - a scroll of teleportation {unknown}
 e - 3 scrolls of identify
 h - a scroll of enchant armour {unknown}
 i - a scroll of blinking {unknown}
 l - 2 scrolls of amnesia {unknown}
 m - 2 scrolls of magic mapping {unknown}
 n - a scroll of enchant weapon {unknown}
 p - a scroll of remove curse {unknown}
Potions
 a - a potion of brilliance
 d - a potion of might
 g - a potion of invisibility
 j - 3 potions of curing {unknown}
 k - a potion of haste {unknown}
 s - a potion of stabbing {unknown}
Comestibles
 f - 12 rations


   Skills:
 * Level 5.5 Fighting
 + Level 6.3 Axes
 * Level 6.0 Armour
 + Level 1.2 Dodging
 + Level 1.0 Stealth
 * Level 6.1 Shields


You had 7 spell levels left.
You didn't know any spells.
Your spell library contained the following spells:

 Spells                   Type           Power        Failure   Level  Hunger
 Summon Small Mammal      Summ           #...         100%        1    ##.....
 Call Imp                 Summ           #.......     100%        2    ###....
 Call Canine Familiar     Summ           #.......     100%        3    ####...
 Summon Guardian Golem    Hex/Summ       #.......     100%        3    ####...
 Summon Ice Beast         Ice/Summ       #.......     100%        4    #####..
 Summon Lightning Spire   Summ/Air       #.......     100%        4    #####..


Dungeon Overview and Level Annotations

Branches:
Dungeon (5/15)
 Temple: D:4-7

Altars:
Kikubaaqudgha
Xom

Shops:
D:4 }


Message History

You block the orc priest's attack.
The orc priest shouts, "Join the one true god or die!"
You closely miss the orc priest. You hit the orc priest.
You block the orc priest's attack. The orc priest barely misses you.
You closely miss the orc priest. x2; You barely miss the orc priest.
The orc priest shouts, "Surrender to Beogh and we'll let you live!"
You block the orc priest's attack.
The orc priest hits you but does no damage.
The orc priest hits you with a +0 hand axe.
* * * LOW HITPOINT WARNING * * *
You hit the orc priest.
The orc priest is moderately wounded.
You slash the orc priest! You hit the orc priest.
You block the orc priest's attack.
The orc priest mumbles some strange prayers to Beogh against you.
Pain shoots through your body!
* * * LOW HITPOINT WARNING * * *
The orc priest calls down the wrath of Beogh upon you.
Beogh smites you!
You die...

.##.........#.###....#
............##.###<...#
............##........#
....[.................#
.####...........###....
###..##..#.#...# #.###
# #....##..#......>..#
....##..........##..#
.$.$..o@##..#...# .##
......oo##(##..... #
..............#..##
..[.....##.......#
........# ... ........#
###. ........#
........#


You could see 3 orc priests.

Vanquished Creatures
  Sigmund (D:5)
  A scorpion (D:4)
  4 crimson imps (D:3)
  A bullfrog zombie (D:5)
  A centaur skeleton (D:4)
  A centaur zombie (D:5)
  2 orc priests (D:3)
  A bullfrog skeleton (D:4)
  Ijyb (D:5)
  3 worker ants
  3 orc wizards
  A howler monkey skeleton (D:4)
  4 gnolls (D:2)
  9 adders
  An ooze (D:2)
  2 adder skeletons (D:5)
  3 worms
  4 dart slugs
  A leopard gecko (D:4)
  15 orcs
  A ball python (D:2)
  5 bats
  7 giant cockroaches
  16 goblins
  6 hobgoblins (D:3)
  4 jackals (D:2)
  3 quokkas
  A ball python skeleton (D:5)
  4 frilled lizards
  A jackal skeleton (D:4)
  6 kobolds
  7 rats
120 creatures vanquished.

Notes
Turn   | Place    | Note
-------+----------+-------------------------------------------
     0 | D:1      | Error4North the Hill Orc Fighter began the quest for the
                  | Orb.
     0 | D:1      | Reached XP level 1. HP: 19/19 MP: 1/1
   119 | D:1      | Reached XP level 2. HP: 23/27 MP: 2/2
   837 | D:2      | Reached XP level 3. HP: 27/33 MP: 3/3
   845 | D:2      | Reached XP level 4. HP: 9/40 MP: 4/4
  1221 | D:2      | You fall into a shaft and drop 2 floors!
  1227 | D:4      | Reached XP level 5. HP: 45/47 MP: 5/5
  1328 | D:3      | Found a shimmering altar of Xom.
  1355 | D:3      | Reached skill level 5 in Shields
  1355 | D:3      | Reached XP level 6. HP: 48/53 MP: 6/6
  1365 | D:3      | Reached skill level 1 in Dodging
  1443 | D:3      | Reached skill level 5 in Axes
  1641 | D:2      | Reached XP level 7. HP: 50/60 MP: 7/7
  1722 | D:2      | Found an ancient bone altar of Kikubaaqudgha.
  2016 | D:3      | Reached skill level 5 in Armour
  2022 | D:3      | Reached skill level 5 in Fighting
  3463 | D:4      | Found Oliareepp's Gadget Boutique.
  3628 | D:5      | Entered Level 5 of the Dungeon
  3685 | D:5      | Noticed Sigmund
  3688 | D:5      | Noticed Ijyb
  3701 | D:5      | Killed Sigmund
  3701 | D:5      | Reached XP level 8. HP: 28/69 MP: 8/8
  3720 | D:5      | Killed Ijyb
  3720 | D:5      | Reached skill level 1 in Stealth
  3795 | D:5      | Killed from afar by an orc priest

Levels and vault maps discovered:
D:1:      dpeg_arrival_brainrot, layout_basic, minmay_statues_item
D:2:      layout_rooms, overflow_temple_1_default, chequers_arboretum
D:3:      layout_basic, minmay_misc_feat_square, led_xom_imps
D:4:      layout_loops_cross, serial_shops, shop, serial_glass, glass_columns_b,
          glass_columns_a, first_ration
D:5:      layout_rooms, cheibrodos_sewer_entry_drain, chequers_mini_garden,
          uniq_sigmund, uniq_crazy_yiuf_cottage, uniq_ijyb

Skill      XL: |  1  2  3  4  5  6  7  8 |
---------------+-------------------------+-----
Fighting       | 4 5 |  5.5
Axes           | 3 4 5 6 |  6.3
Shields        | 4 5 6 |  6.1
Armour         | 4 6 |  6.0
Dodging        | 1 |  1.2
Stealth        | 1 |  1.0

Action                   |  1- 3 |  4- 6 |  7- 9 || total
-------------------------+-------+-------+-------++-------
Melee: War axe           |    46 |    46 |       ||    92
       Hand axe          |       |    93 |   218 ||   311
  Use: Potion            |       |     1 |     6 ||     7
       Scroll            |       |       |     4 ||     4
 Stab: Invisible         |       |     3 |     5 ||     8
  Eat: Chunk             |       |     2 |     7 ||     9
Armor: Scale mail        |    21 |    75 |     9 ||   105
       Chain mail        |       |       |    59 ||    59
Dodge: Dodged            |    17 |    49 |    43 ||   109
Block: Kite shield       |    24 |    76 |   101 ||   201

Table legend:
 A = Non-vault XP
 B = Vault XP
 C = Vault XP percentage of total XP
 D = Non-vault monster count
 E = Vault monster count
 F = Vault count percentage of total count
                 A         B        C        D         E       F
            +---------+---------+-------+---------+---------+-------
      Total |     922 |     441 |  32.4 |     113 |       7 |   5.8
            +---------+---------+-------+---------+---------+-------
        D:1 |      22 |       5 |  18.5 |      12 |       1 |   7.7
        D:2 |     163 |       0 |   0.0 |      35 |       0 |   0.0
        D:3 |     299 |     192 |  39.1 |      40 |       4 |   9.1
        D:4 |     296 |       0 |   0.0 |      17 |       0 |   0.0
        D:5 |     142 |     244 |  63.2 |       9 |       2 |  18.2
            +---------+---------+-------+---------+---------+-------
